 Dungeon Crawl Stone Soup version 0.30-a0-857-gcaf70739d4 (webtiles) character file.

Game seed: 11866135522917969611

4 Esekla the Sneak (level 1, -3/16 HPs)
             Began as an Octopode Delver on Mar 6, 2023.
             Slain by an orc
             ... wielding a +0 war axe
              (9 damage)
             ... on level 5 of the Dungeon.
             The game lasted 00:00:40 (71 turns).

Esekla the Sneak (Octopode Delver)                    Turns: 71, Time: 00:00:40

Health: -3/16      AC:  1    Str: 11    XL:     1   Next: 60%
Magic:  1/1        EV: 13    Int: 12    God:
Gold:   4          SH:  0    Dex: 13    Spells: 0/0 levels left

rFire   . . .      SeeInvis .    a - +0 falchion
rCold   . . .      Faith    .    (no shield)
rNeg    . . .      Spirit   .    (helmet restricted)
rPois   .          Reflect  .    (no amulet)
rElec   .          Rampage  .    (no ring)
rCorr   .                        (no ring)
Will    .....                    (no ring)
Stlth   ++++                     (no ring)
HPRegen 0.22/turn                (no ring)
MPRegen 0.07/turn                (no ring)
                                 (no ring)
                                 (no ring)

@: no status effects
A: almost no armour, amphibious, 8 rings, camouflage 1, gelatinous body 1,
(nimble swimmer 1), tentacles
a: no special abilities


You were on level 5 of the Dungeon.
You visited 1 branch of the dungeon, and saw 1 of its levels.

You collected 4 gold pieces.

Inventory:

Hand Weapons
 a - a +0 falchion (weapon)
Wands
 f - a wand of digging (3)
Scrolls
 b - a scroll of fog
 c - a scroll of poison {unknown}
 d - a scroll of fear
 g - a scroll of enchant weapon {unknown}
Potions
 e - a potion of haste


   Skills:
 * Level 3.0 Fighting
 * Level 2.0 Long Blades
 * Level 2.0 Dodging
 + Level 6.7 Stealth
 * Level 0.1 Spellcasting


You couldn't memorise any spells.
You didn't know any spells.
Your spell library was empty.

Dungeon Overview and Level Annotations

Branches:
Dungeon (5/15)
 Temple: D:4-7

Altars:
Nemelex Xobeh


Innate Abilities, Weirdness & Mutations

You cannot wear most types of armour.
You are amphibious.
You can wear up to eight rings at the same time.
Your skin changes colour to match your surroundings (Stealth+).
Your rubbery body absorbs attacks. (AC +1, EV +1)
((You are camouflaged when in or above water. (Stealth+)))
You have tentacles for arms and can constrict up to eight enemies at once.


Message History

As you read the scroll of magic mapping, it crumbles to dust.
You feel aware of your surroundings.
You sensed 1 shop/portal.
Found 4 gold pieces.
A scorpion comes into view.
You see here 4 gold pieces.
You now have 4 gold pieces.
Found a scroll labelled VAFEGH HAUPP.
c - a scroll labelled VAFEGH HAUPP
Found a runed flail and a scroll labelled QIAM VAXUEMIPP.
Found 10 gold pieces.
Found a stone staircase leading up.
Found a stone staircase leading up.
You see here a +2 flail of draining.
Found 6 stones.
g - a scroll labelled QIAM VAXUEMIPP You see here a +2 flail of draining.
Found a scroll labelled YTHUBO XIEJO.
An orc comes into view. It is wielding a +0 club.
An orc comes into view. It is wielding a +0 club.
Found a stone staircase leading down.
The orc shouts!
An orc comes into view. It is wielding a +0 war axe.
An orc comes into view. It is wielding a +0 short sword.
You hit the orc. You grab the orc.
The orc is severely wounded.
You constrict the orc, but do no damage.
The orc hits you with a +0 club.
You barely miss the orc. You squeeze the orc.
You kill the orc!
You barely miss the orc. You grab the orc. You constrict the orc.
The orc misses you.
You slash the orc!
You kill the orc!
You barely miss the orc. Your grab misses the orc.
The orc hits you with a +0 war axe!
Ouch! That really hurt!
The orc misses you.
You barely miss the orc. Your grab misses the orc.
The orc hits you with a +0 war axe!
Ouch! That really hurt!
You die...

**,,#.§§._§§§§# ##.#
**,#§≈§...§§§# #..
**,,#§§§§≈§.≈.# #.#
*,,*#.≈.....≈.# ##.#
*,*##..§§≈≈≈..###^.#
**#######,*#.#########....##
*,.......,*#...# ######
*,...?...#####.###
*,.......oo@.....#
*,.....$.#####...#
*,.......* ##.)######
*,...>...* #.......####**
**###...#** #.........(.,,
***#....,,* #......#####**
*,....##*,** #...<..#******
*,....* *,,* #.<......<,,,*
*,,,,,* **,** #......###**,,


You could see 2 orcs.

Vanquished Creatures
  2 orcs (D:5)
2 creatures vanquished.

Notes
Turn   | Place    | Note
-------+----------+-------------------------------------------
     0 | D:5      | Esekla the Octopode Delver began the quest for the Orb.
     0 | D:5      | Reached XP level 1. HP: 16/16 MP: 1/1
    12 | D:5      | Noticed a scorpion
    71 | D:5      | Slain by an orc

Illustrated notes

Levels and vault maps discovered:
D:5:      layout_rooms, mainiacjoe_overflow_paths, serial_shops,
          nicolae_shop_temple_entry_statues_fountains, uniq_grinder,
          uniq_blork_the_orc

Action                     || total
---------------------------++-------
  Melee: Falchion          ||     6
         Constrict         ||     2
         Tentacles         ||     1
    Use: Scroll            ||     1
  Dodge: Dodged            ||     2

Table legend: (Time is in decaauts)
 A = Elapsed time spent in this place.
 B = Non-inter-level travel time spent in this place.
 C = Inter-level travel time spent in this place.
 D = Time resting spent in this place.
 E = Time spent auto-exploring this place.
 F = Levels seen in this place.
 G = Mean time per level.
                   A        B        C        D        E       F      G
               +--------+--------+--------+--------+--------+-----+--------+
         Total |     72 |     72 |      0 |      0 |      0 |   1 |   72.0 |
       Dungeon |     72 |     72 |      0 |      0 |      0 |   1 |   72.0 |
               +--------+--------+--------+--------+--------+-----+--------+

Top non-repeatable levels by time:
     D:5: 72 daAuts
